 Dungeon Crawl Stone Soup version 0.30-a0-782-ge64f9170bb (webtiles) character file.

Game seed: 1768527565003794338

518 alheus the Chopper (level 7, -4/61 HPs)
             Began as a Hill Orc Fighter on Feb 18, 2023.
             Was a Follower of the Shining One.
             Slain by BRD's ghost (12 damage)
             ... on level 4 of the Dungeon.
             The game lasted 00:15:45 (2300 turns).

alheus the Chopper (Hill Orc Fighter)               Turns: 2300, Time: 00:15:46

Health: -4/61      AC:  7    Str: 19    XL:     7   Next: 21%
Magic:  7/7        EV:  9    Int: 10    God:    the Shining One [*.....]
Gold:   104        SH:  5    Dex: 10    Spells: 6/6 levels left

rFire   . . .      SeeInvis .    a - +0 war axe
rCold   . . .      Faith    .    c - +1 buckler
rNeg    . . .      Spirit   .    b - +0 scale mail
rPois   .          Reflect  .    (no helmet)
rElec   .          Harm     .    (no cloak)
rCorr   .          Rampage  .    (no gloves)
Will    .....                    (no boots) Stlth
                                 (no amulet)
HPRegen 0.30/turn                (no ring)
MPRegen 0.10/turn                (no ring)

@: mighty, flying, glowing
A: no striking features
a: Renounce Religion, Divine Shield


You were on level 4 of the Dungeon.
You worshipped the Shining One.
The Shining One was aware of your devotion.
You visited 1 branch of the dungeon, and saw 4 of its levels.

You collected 104 gold pieces.

Inventory:

Hand Weapons
 a - a +0 war axe (weapon)
 g - a +0 dagger of electrocution
 n - a +0 antimagic whip
 o - a +2 antimagic short sword
 q - a +2 scythe of protection
Missiles
 e - 44 stones
 p - 3 poisoned darts (quivered)
Armour
 b - a +0 scale mail (worn)
 c - a +1 buckler (worn)
Scrolls
 i - 2 scrolls of poison {unknown}
 j - 2 scrolls of identify {unknown}
 k - a scroll of fog {unknown}
Potions
 f - a potion of berserk rage {unknown}
 h - a potion of mutation {unknown}
 l - a potion of flight
 m - a potion of attraction {unknown}


   Skills:
 + Level 5.3 Fighting
 + Level 7.1 Axes
 + Level 5.0 Armour
 + Level 4.1 Shields
 - Level 0.1 Invocations


You had 6 spell levels left.
You didn't know any spells.
Your spell library was empty.

Dungeon Overview and Level Annotations

Branches:
Dungeon (4/15)
 Temple: D:4-7

Altars:
Trog
The Shining One

Annotations:
D:3 N1x1T4's ghost, weakling TrWr; Pascal76's ghost, amateur MfGl; anet's ghost, amateur KoFi; krest's ghost, amateur DEHu
D:4 BRD's ghost, amateur GnRe; Ijyb


Message History

Krest's ghost is moderately damaged.
You hit anet's ghost but do no damage.
You hit Pascal76's ghost but do no damage.
You hit BRD's ghost. You block BRD's ghost's attack.
You block Pascal76's ghost's attack. Anet's ghost closely misses you.
Krest's ghost wails.
Krest's ghost barely misses you. Anet's ghost attacks as you move away!
Anet's ghost hits you but does no damage.
Krest's ghost hits you. You block anet's ghost's attack.
Krest's ghost hits you but does no damage.
BRD's ghost attacks as you move away! BRD's ghost hits you!
* * * LOW HITPOINT WARNING * * *
You block anet's ghost's attack. BRD's ghost attacks as you move away!
You block BRD's ghost's attack. BRD's ghost attacks as you move away!
You block BRD's ghost's attack.
Krest's ghost screams, "You must not succeed where I failed!"
Pascal76's ghost dodges and says, "Too slow!"
BRD's ghost attacks as you move away! BRD's ghost hits you!
* * * LOW HITPOINT WARNING * * *
Krest's ghost whispers, "Trust me.
Just give in."
BRD's ghost attacks as you move away! You block BRD's ghost's attack.
BRD's ghost attacks as you move away! You block BRD's ghost's attack.
There is a stone staircase leading down here.
BRD's ghost completely misses you.
You climb downwards.
Found 9 gold pieces and 5 stones.
There is a stone staircase leading up here.
You are too injured to fight recklessly!
It was a potion of flight.
You feel very buoyant.
You fly up into the air.
You block BRD's ghost's attack.
You feel very mighty all of a sudden.
Your divine shield fades away.
BRD's ghost hits you.
* * * LOW HITPOINT WARNING * * *
You hit BRD's ghost but do no damage.
BRD's ghost is lightly damaged.
BRD's ghost hits you!
You die...

# ### ###
.# .. .. ..
#.##.##.#
#......
#...W##.#..
#..@.......
#...#####$#
#....
#..g..
#......
#.......
#(.####.#
#.. ..


You could see Ijyb and BRD's ghost.

Vanquished Creatures
  Sigmund (D:3)
  An ogre (D:2)
  A gnoll bouda (D:3)
  2 orc wizards (D:3)
  8 adders
  4 gnolls (D:3)
  2 worms (D:3)
  4 dart slugs
  5 orcs (D:3)
  5 ball pythons
  3 endoplasms
  4 giant cockroaches
  7 hobgoblins
  5 jackals (D:3)
  6 kobolds
  3 quokkas
  7 bats
  4 frilled lizards
  10 goblins
  6 rats
88 creatures vanquished.

Vanquished Creatures (others)
  A rat (D:1)
1 creature vanquished.

Grand Total: 89 creatures vanquished

Notes
Turn   | Place    | Note
-------+----------+-------------------------------------------
     0 | D:1      | alheus the Hill Orc Fighter began the quest for the Orb.
     0 | D:1      | Reached XP level 1. HP: 19/19 MP: 1/1
    15 | D:1      | Found a faded altar of an unknown god.
    29 | D:1      | Reached XP level 2. HP: 19/27 MP: 2/2
    87 | D:1      | Reached skill level 3 in Axes
   216 | D:1      | Reached XP level 3. HP: 32/33 MP: 3/3
   738 | D:1      | Prayed at the altar of an unknown god.
   738 | D:1      | Became a worshipper of the Shining One
   738 | D:1      | Reached * piety under the Shining One
  1010 | D:2      | Reached skill level 4 in Axes
  1010 | D:2      | Reached XP level 4. HP: 38/40 MP: 4/4
  1113 | D:2      | Noticed an ogre
  1123 | D:2      | Killed an ogre
  1124 | D:2      | Reached skill level 5 in Axes
  1124 | D:2      | Reached XP level 5. HP: 47/47 MP: 1/5
  1182 | D:2      | You fall into a shaft and drop 1 floor!
  1345 | D:3      | Reached XP level 6. HP: 27/53 MP: 6/6
  1537 | D:3      | Found a bloodstained altar of Trog.
  1671 | D:3      | Reached skill level 6 in Axes
  1795 | D:3      | Noticed Sigmund
  1805 | D:3      | Killed Sigmund
  1806 | D:3      | Reached skill level 5 in Fighting
  1806 | D:3      | Reached XP level 7. HP: 56/61 MP: 4/7
  2138 | D:3      | Reached skill level 7 in Axes
  2149 | D:3      | Reached skill level 5 in Armour
  2153 | D:3      | Found a runed translucent gate.
  2153 | D:3      | Found a runed translucent gate.
  2153 | D:3      | Found a runed translucent gate.
  2155 | D:3      | Noticed anet's ghost (amateur KoFi)
  2155 | D:3      | Noticed BRD's ghost (amateur GnRe)
  2155 | D:3      | Noticed Pascal76's ghost (amateur MfGl)
  2155 | D:3      | Noticed krest's ghost (amateur DEHu)
  2157 | D:3      | Noticed N1x1T4's ghost (weakling TrWr)
  2297 | D:4      | Noticed Ijyb
  2300 | D:4      | Slain by BRD's ghost

Illustrated notes

Levels and vault maps discovered:
D:1:      elethiomel_arrival_quiet, layout_basic,
          hellmonk_ecumenical_altar_run_dry, roderic_roman_lattice
D:2:      layout_basic
D:3:      layout_basic, trog_antimagical, gammafunk_ghost_cemetery,
          minmay_fractal_squares_gapless_5, uniq_sigmund
D:4:      layout_basic, lemuel_tele_altar, nicolae_uskayaw_en_pointe,
          nicolae_tso_besieged_by_evil, mainiacjoe_overflow_tiny_flanked,
          cheibrodos_worm_habitat, uniq_eustachio, uniq_ijyb, uniq_blork_the_orc

Skill      XL: |  1  2  3  4  5  6  7 |
---------------+----------------------+-----
Axes           | 3 4 5 6 7 |  7.1
Fighting       | 4 5 |  5.3
Armour         | 4 5 |  5.0
Shields        | 4 |  4.1
Invocations    | |  0.1

Action                     |  1- 3 |  4- 6 |  7- 9 || total
---------------------------+-------+-------+-------++-------
  Melee: War axe           |   106 |    89 |    31 ||   226
  Throw: Stone             |       |     2 |     1 ||     3
         Dart              |       |     1 |     2 ||     3
 Invoke: Divine Shield     |       |     2 |     1 ||     3
    Use: Scroll            |     3 |       |       ||     3
         Potion            |       |       |     2 ||     2
 Armour: Scale mail        |    47 |    33 |     5 ||    85
  Dodge: Dodged            |    64 |    39 |    18 ||   121
  Block: Buckler           |    31 |    18 |    23 ||    72

Table legend: (Time is in decaauts)
 A = Elapsed time spent in this place.
 B = Non-inter-level travel time spent in this place.
 C = Inter-level travel time spent in this place.
 D = Time resting spent in this place.
 E = Time spent auto-exploring this place.
 F = Levels seen in this place.
 G = Mean time per level.
                   A        B        C        D        E       F      G
               +--------+--------+--------+--------+--------+-----+--------+
         Total |   2370 |   2330 |     40 |    154 |   1375 |   4 |  592.5 |
       Dungeon |   2370 |   2330 |     40 |    154 |   1375 |   4 |  592.5 |
               +--------+--------+--------+--------+--------+-----+--------+

Top non-repeatable levels by time:
     D:3: 1138 daAuts
     D:1: 936 daAuts
     D:2: 292 daAuts
     D:4: 2 daAuts
